 Dungeon Crawl Stone Soup version 0.27-a0-67-g4bfc8a49e1 (webtiles) character file.

Game seed: 15049580847042823275

99 Borgoz the Shield-Bearer (level 5, 0/36 HPs)
             Began as a Halfling Fighter on Jan 9, 2021.
             Slain by an orc
             ... wielding a +0 flail
              (3 damage)
             ... on level 3 of the Dungeon.
             The game lasted 00:01:56 (2368 turns).

Borgoz the Shield-Bearer (Halfling Fighter)         Turns: 2368, Time: 00:01:56

Health: 0/36       AC:  3    Str: 17    XL:     5   Next: 2%
Magic:  5/5        EV: 10    Int:  6    God:
Gold:   83         SH: 10    Dex: 15    Spells: 4/4 levels left

rFire    + . .     SeeInvis .   a - +0 long sword
rCold    + . .     Faith    .   c - +0 kite shield
rNeg     . . .     Spirit   .   k - +0 leather armour {rPois}
rPois    +         Reflect  .   (no helmet)
rElec    +         Harm     .   (no cloak)
rCorr    +         Rampage  .   (no gloves)
Will     .....                  (no boots)
Stlth    +.........             (no amulet)
HPRegen  0.12/turn              (no ring)
MPRegen  0.09/turn              (no ring)

@: resistant
A: small, mutation resistance 1
a: no special abilities


You were on level 3 of the Dungeon.
You visited 1 branch of the dungeon, and saw 3 of its levels.

You collected 83 gold pieces.

Inventory:

Hand Weapons
 a - a +0 long sword (weapon)
Armour
 c - a +0 kite shield (worn)
 k - a +0 leather armour of poison resistance (worn)
Jewellery
 e - an uncursed ring of flight
Scrolls
 h - 2 scrolls of random uselessness {unknown}
 j - 3 scrolls of identify {unknown}
Potions
 d - a potion of might
 g - 2 potions of cancellation {unknown}
 i - a potion of magic {unknown}


   Skills:
 * Level 3.5 Fighting
 * Level 3.1 Long Blades
 + Level 3.8 Armour
 + Level 3.8 Shields


You had 4 spell levels left.
You didn't know any spells.
Your spell library was empty.

Dungeon Overview and Level Annotations

Branches:
Dungeon (3/15)

Altars:
Yredelemnul


Innate Abilities, Weirdness & Mutations

You are small and have problems with some larger weapons.
You are somewhat resistant to further mutation.


Message History

You block the orc's attack.
You are too injured to fight recklessly!
You are too injured to fight recklessly!
You are too injured to fight recklessly!
Okay, then.
You slash the orc!
You kill the orc!
You block the orc's attack.
You hit the orc.
The orc is moderately wounded.
The orc hits you with a +0 flail. Something hits you.
* * * LOW HITPOINT WARNING * * *
It was a potion of resistance.
You feel protected. Something hits you.
* * * LOW HITPOINT WARNING * * *
The orc hits you with a +0 dagger.
* * * LOW HITPOINT WARNING * * *
The orc hits you with a +0 flail.
You die...

#.# #.# #.#
## #.#### ..
#....# #.
#....# ..
#....#
#.#....#
###.o@...#
......o)...+
######[...!#
##....#
#....#
#>...#
#.#### #.#
#.


You could see 2 orcs.

Vanquished Creatures
  An orc wizard (D:3)
  2 worms (D:2)
  A dart slug (D:2)
  A leopard gecko (D:1)
  5 orcs (D:3)
  A giant cockroach (D:2)
  9 hobgoblins
  7 jackals
  8 kobolds
  A quokka (D:2)
  5 bats
  8 frilled lizards
  4 goblins
  4 rats
57 creatures vanquished.

Notes
Turn   | Place    | Note
-------+----------+-------------------------------------------
     0 | D:1      | Borgoz the Halfling Fighter began the quest for the Orb.
     0 | D:1      | Reached XP level 1. HP: 15/15 MP: 1/1
   488 | D:1      | Reached XP level 2. HP: 19/20 MP: 2/2
   784 | D:1      | Reached XP level 3. HP: 26/26 MP: 3/3
   818 | D:1      | You fall into a shaft and drop 1 floor!
  1419 | D:2      | Reached XP level 4. HP: 31/31 MP: 4/4
  1798 | D:2      | Found a basalt altar of Yredelemnul.
  2092 | D:3      | Reached XP level 5. HP: 22/36 MP: 5/5
  2368 | D:3      | Slain by an orc

Illustrated notes

Levels and vault maps discovered:
D:1:      dpeg_chamrin_arrival_tetris, layout_basic, serial_forest,
          infiniplex_forest_clump_small, infiniplex_forest_fountain,
          infiniplex_forest_straight_4, infiniplex_forest_3_way,
          infiniplex_forest_zigzag_1, infiniplex_forest_zigzag_1,
          hangedman_decor_riveting
D:2:      layout_loops_ring, lemuel_crystal_altar
D:3:      layout_basic, elyvilon_altar_5, lemuel_round_altar

Skill      XL: |  1  2  3  4 |
---------------+-------------+-----
Fighting       | 3 |  3.5
Long Blades    | 3 |  3.1
Armour         | |  3.8
Shields        | |  3.8

Action                   |  1- 3 |  4- 6 || total
-------------------------+-------+-------++-------
Melee: Long sword        |   115 |    76 ||   191
  Use: Scroll            |     1 |       ||     1
       Potion            |       |     1 ||     1
Armor: Scale mail        |    39 |    23 ||    62
       Leather armour    |       |     2 ||     2
Dodge: Dodged            |    36 |    35 ||    71
Block: Kite shield       |    58 |    39 ||    97
       Rpst.: Long sword |    12 |     8 ||    20

Table legend: (Time is in decaauts)
 A = Elapsed time spent in this place.
 B = Non-inter-level travel time spent in this place.
 C = Inter-level travel time spent in this place.
 D = Time resting spent in this place.
 E = Time spent auto-exploring this place.
 F = Levels seen in this place.
 G = Mean time per level.
                   A        B        C        D        E       F      G
               +--------+--------+--------+--------+--------+-----+--------+
         Total |   2434 |   2402 |     32 |    466 |   1518 |   3 |  811.3 |
       Dungeon |   2434 |   2402 |     32 |    466 |   1518 |   3 |  811.3 |
               +--------+--------+--------+--------+--------+-----+--------+

Top non-repeatable levels by time:
     D:2: 1159 daAuts
     D:1: 956 daAuts
     D:3: 318 daAuts
